 Dungeon Crawl Stone Soup version 0.20.1-1-g8b1a95d (webtiles) character file.

51 Anon1729 the Chiller (level 3, -6/24 HPs)
             Began as a Barachi Ice Elementalist on Dec 8, 2017.
             Mangled by Sigmund
             ... wielding a +0 scythe
              (14 damage)
             ... on level 2 of the Dungeon.
             The game lasted 00:06:09 (1843 turns).

Anon1729 the Chiller (Barachi Ice Elementalist)     Turns: 1843, Time: 00:06:10

Health: -6/24      AC:  2    Str:  9    XL:     3   Next: 83%
Magic:  2/7        EV: 13    Int: 16    God:
Gold:   77         SH:  0    Dex: 12    Spells: 4/7 levels left

rFire    . . .     SeeInvis .   k - +0 dagger
rCold    . . .     Gourm    .   (no shield)
rNeg     . . .     Faith    .   a - +0 robe
rPois    .         Spirit   .   (no helmet)
rElec    .         Reflect  .   (no cloak)
rCorr    .         Harm     .   (no gloves)
MR       .....                  (no boots)
Stlth    ++........             (no amulet)
Regen    0.1/turn               (no ring)
MPRegen  0.1/turn               (no ring)

@: slow
A: +LOS, swims, slowness 1, strong legs 1
a: Hop


You were on level 2 of the Dungeon.
You were very hungry.

You visited 1 branch of the dungeon, and saw 2 of its levels.

You collected 77 gold pieces.

Inventory:

Hand Weapons
 d - a +0 spear
 k - a +0 dagger (weapon)
Armour
 a - a +0 robe (worn)
 o - +0 gold dragon scales
Jewellery
 q - an uncursed amulet of the gourmand {unknown}
Scrolls
 g - a scroll of recharging {unknown}
 l - 2 scrolls of identify {unknown}
 m - 2 scrolls of enchant weapon {unknown}
 p - a scroll of blinking {unknown}
Potions
 e - a potion of agility {unknown}
 h - a potion of haste {unknown}
 i - 2 potions of brilliance {unknown}
 j - a potion of flight {unknown}
 n - a potion of invisibility {unknown}
Books
 b - a book of Frost

   Spells                             Type                      Level
   a - Freeze                         Ice                          1
   b - Throw Frost                    Conjuration/Ice              2
   c - Ozocubu's Armour               Charms/Ice                   3
   d - Throw Icicle                   Conjuration/Ice              4
   e - Summon Ice Beast               Ice/Summoning                4
Comestibles
 c - a bread ration
 f - 3 royal jellies


   Skills:
 + Level 0.2 Armour
 + Level 2.9 Dodging
 + Level 2.3 Stealth
 + Level 2.8 Spellcasting
 + Level 1.2 Conjurations
 + Level 4.1 Ice Magic


You had 4 spell levels left.
You knew the following spells:

 Your Spells              Type           Power        Failure   Level  Hunger
a - Freeze                Ice            ###.         3%          1    #......
b - Throw Frost           Conj/Ice       ##....       10%         2    ##.....


Dungeon Overview and Level Annotations

Branches:
Dungeon (2/15)

Altars:
Vehumet

Annotations:
D:2 Jessica, Robin, Sigmund


Innate Abilities, Weirdness & Mutations

Shadows flee at your approach. (+LOS)
You can swim through water.
You cover ground slowly.
You can hop short distances.


Message History

Press: ? - help, Shift-Dir - straight line
Aim: Disturbance You freeze something.
You hear a splashing noise.
A hobgoblin comes into view. It is wielding a club.
Casting: Freeze
Confirm with . or Enter, or press ? or * to list all spells.
Aiming: Freeze
Press: ? - help, Shift-Dir - straight line
Aim: Disturbance You freeze something.
The hobgoblin shouts!
Casting: Freeze
Confirm with . or Enter, or press ? or * to list all spells.
Aiming: Freeze
Press: ? - help, Shift-Dir - straight line
Aim: Disturbance You freeze something.
Something hits you!
Ouch! That really hurt!
You die...

##.#.##.#.. #.# ...
##......#..###.###...
####.##.#.... .....#
.)......#...##.PP≈♣♣##
#########.#...♣≈≈≈≈≈≈♣
......
......≈≈P≈≈P≈♣♣♣♣≈
..###
#.##..≈≈≈P≈≈PP≈≈≈≈
...#
#.##.....†......g.
...#
#.##..≈≈≈@≈≈P≈P≈P≈
...#
#(##...♣≈{≈≈≈≈P≈≈≈
...#
#.##.#..♣≈≈≈≈≈♣♣♣≈
...# #.##.#..#♣P♣♣≈#
...# #.##.##>..... ..
.#.#####.##.#########
## .........##.#
.#..........#
.############


You could see a hobgoblin.

Vanquished Creatures
  2 dart slugs (D:1)
  2 leopard geckos
  3 bats (D:1)
  2 giant cockroaches
  13 goblins
  4 hobgoblins
  8 kobolds (D:1)
  8 rats
42 creatures vanquished.

Vanquished Creatures (others)
  A plant (D:1)
1 creature vanquished.

Grand Total: 43 creatures vanquished

Notes
Turn   | Place    | Note
-------+----------+-------------------------------------------
     0 | D:1      | Anon1729 the Barachi Ice Elementalist began the quest for the Orb.
     0 | D:1      | Reached XP level 1. HP: 13/13 MP: 3/3
   280 | D:1      | Reached XP level 2. HP: 9/19 MP: 1/5
   507 | D:1      | Learned a level 2 spell: Throw Frost
   753 | D:1      | Reached XP level 3. HP: 22/24 MP: 4/6
  1419 | D:2      | Noticed Jessica
  1420 | D:2      | Noticed Robin
  1426 | D:2      | Reached skill level 4 in Ice Magic
  1648 | D:2      | Found a radiant altar of Vehumet.
  1682 | D:2      | Noticed Sigmund
  1843 | D:2      | Mangled by Sigmund

Skill      XL: |  1  2  3 |
---------------+----------+-----
Stealth        | 2 |  2.3
Ice Magic      | 4 |  4.1
Armour         | |  0.2
Dodging        | |  2.9
Spellcasting   | |  2.8
Conjurations   | |  1.2

Action                   || total
-------------------------++-------
Melee: Dagger            ||   160
       Unarmed           ||    43
 Cast: Freeze            ||    50
  Eat: Chunk             ||     3
Armor: Robe              ||    11
       Gold dragon scale ||   192
Dodge: Dodged            ||    47
